 Dungeon Crawl Stone Soup version 0.30.1-1-g62c8e00024 (webtiles) character file.

Game seed: 8799984988510470428

581 spardeous the Nimble (level 7, -3/31 HPs)
             Began as a Felid Earth Elementalist on July 14, 2023.
             Slain by Joseph
             ... wielding a +0 quarterstaff
              (19 damage)
             ... on level 8 of the Dungeon on July 15, 2023.
             The game lasted 00:17:22 (7323 turns).

spardeous the Nimble (Felid Earth Elementalist)     Turns: 7323, Time: 00:17:23

Health: -3/31      AC:  2    Str:  4    XL:     7   Next: 13%
Magic:  11/14      EV: 23    Int: 21    God:
Gold:   444        SH:  0    Dex: 16    Spells: 10/14 levels left
                                        Lives:  0   Deaths: 2

rFire   . . .        (weapon unavailable)
rCold   . . .        (shield unavailable)
rNeg    . . .        (body armour unavailable)
rPois   .            (helmet unavailable)
rElec   .            (cloak unavailable)
rCorr   +            (gloves unavailable)
SInv    +            (boots unavailable)
Will    +....        (no amulet)
Stlth   ++           t - ring of flight
HPRegen 0.25/turn    f - ring of resist corrosion
MPRegen 0.14/turn

%: no passive effects
@: flying, quick
A: very small, claws 1, fangs 3, see invisible, speed 1, shaggy fur 2, stealthy
paws, no weapons or thrown items, no armour, multi-lived
a: no special abilities


You were on level 8 of the Dungeon.
You visited 2 branches of the dungeon, and saw 9 of its levels.
You also visited: Ossuary.

You collected 444 gold pieces.

Inventory:

Jewellery
 c - a +6 ring of strength
 f - a ring of resist corrosion (right paw)
 t - a ring of flight (left paw)
Scrolls
 d - 2 scrolls of magic mapping {unknown}
 e - a scroll of immolation {unknown}
 g - a scroll of enchant weapon {unknown}
 m - 4 scrolls of vulnerability
 o - 3 scrolls of teleportation
 q - 5 scrolls of identify
 s - a scroll of amnesia {unknown}
Potions
 a - a potion of magic
 b - 3 potions of degeneration {unknown}
 h - 5 potions of curing {unknown}
 i - 3 potions of invisibility {unknown}
 j - a potion of brilliance
 k - a potion of mutation
 l - a potion of resistance
 n - a potion of lignification {unknown}
 p - a potion of might {unknown}
 r - a potion of ambrosia {unknown}
 u - a potion of berserk rage {unknown}


   Skills:
 - Level 3.9 Fighting
 + Level 10.5 Dodging
 - Level 2.6 Stealth
 - Level 4.2 Spellcasting
 - Level 4.0 Conjurations
 - Level 1.1 Transmutations
 - Level 5.5 Earth Magic


You had 10 spell levels left.
You knew the following spells:

 Your Spells              Type           Power      Damage    Failure   Level
a - Sandblast             Erth           54%        2d13      1%          1
b - Stone Arrow           Conj/Erth      48%        3d10      4%          3

Your spell library contained the following spells:

 Spells                   Type           Power      Damage    Failure   Level
 Passwall                 Tmut/Erth      15%        N/A       4%          2
 Petrify                  Tmut/Erth      18%        N/A       30%         4
 Lehudib's Crystal Spear  Conj/Erth      12%        10d4      100%        8
 Animate Armour           Summ/Erth      Unusable   N/A       N/A         4

Dungeon Overview and Level Annotations

Branches:
Dungeon (8/15)             Temple (1/1) D:7         Ossuary (visited)
   Lair: D:8-11

Altars:
Ashenzari
Cheibriados
Dithmenos
Elyvilon
Fedhas
Hepliaklqana
Makhleb
Nemelex Xobeh
Okawaru
Qazlal
Ru
Sif Muna
Trog
Uskayaw
Wu Jian
Xom
Yredelemnul
Zin
The Shining One

Annotations:
D:3 Grinder
D:8 Joseph


Innate Abilities, Weirdness & Mutations

You have sharp claws.
You have razor-sharp teeth.
You have supernaturally acute eyesight. (SInv)
You cover ground quickly. (Speed+)
You are covered in thick fur. (AC +2)
Your paws help you pounce on unaware monsters.
You are incapable of wielding weapons or throwing items.
You cannot wear armour.
You gain extra lives every three experience levels.


Message History

There is an open door here.
Joseph shoots a sling bullet.
The sling bullet closely misses you.
You start waiting.
A wyvern comes into view.
Casting: Sandblast (safe; 1% risk of failure)
Confirm with . or Enter, or press ? or * to list all spells.
Aiming: Sandblast (safe; 1% risk of failure)
Press: ? - help, Shift-Dir - straight line, f - wyvern
Aim: a wyvern (wandering, hasn't noticed you, 83% to hit)
The blast of sand hits the wyvern.
The wyvern is moderately wounded.
The wyvern hisses angrily.
Casting: Sandblast (safe; 1% risk of failure)
Confirm with . or Enter, or press ? or * to list all spells.
Aiming: Sandblast (safe; 1% risk of failure)
Press: ? - help, Shift-Dir - straight line, f/p - wyvern
Aim: a wyvern (moderately wounded, 83% to hit)
The blast of sand hits Joseph.
Joseph is moderately wounded.
Joseph unwields a +0 sling.
Joseph wields a +0 quarterstaff.
Joseph hits you with a +0 quarterstaff!
Ouch! That really hurt!
Casting: Sandblast (safe; 1% risk of failure)
Confirm with . or Enter, or press ? or * to list all spells.
Aiming: Sandblast (safe; 1% risk of failure)
Press: ? - help, Shift-Dir - straight line, f - Joseph
Aim: Joseph, wielding a +0 quarterstaff and wearing a +0 leather armour (moderately wounded, 83% to hit)
The blast of sand hits Joseph but does no damage.
Joseph is moderately wounded.
Joseph misses you.
Casting: Sandblast (safe; 1% risk of failure)
Confirm with . or Enter, or press ? or * to list all spells.
Aiming: Sandblast (safe; 1% risk of failure)
Press: ? - help, Shift-Dir - straight line, f/p - Joseph
Aim: Joseph, wielding a +0 quarterstaff and wearing a +0 leather armour (moderately wounded, 83% to hit)
The blast of sand hits Joseph.
Joseph is moderately wounded.
Joseph hits you with a +0 quarterstaff!!
Ouch! That really hurt!
You die...

.# #.# #..# #.# #.# #.. .# #.#
#..# #.# #.# #.. .# #.#
#..#####.# #.# ### ## #.#
#........# #.#
#.######....#####.#
#.#...............#
#.#.######...##### #.#
######...### #†# #..@.###...# #.#
##.##@#####)## ....
#.#.##............## ####
....####.#.##..........#..# #...
.........#.##..........##.####...
......)...............##...##...
#.....)..............+.........
#....)...............##........
#....).......##########........


You could see Joseph.

Vanquished Creatures
  A water moccasin (D:7)
  A sky beast (D:8)
  2 ice beasts
  2 black bears
  2 bullfrogs
  A gnoll sergeant (D:5)
  A scorpion (D:7)
  A water moccasin zombie (Ossuary)
  A wight (Ossuary)
  A centaur zombie (Ossuary)
  8 hounds
  4 orc priests
  A sleepcap (D:5)
  7 jellies
  2 gnoll boudas
  Terence (D:2)
  3 iguanas
  4 orc wizards
  2 scorpion zombies (Ossuary)
  An ogre zombie (Ossuary)
  A mummy (D:4)
  11 gnolls
  9 adders
  A shadow imp (D:5)
  4 adder zombies (Ossuary)
  A dart slug (D:4)
  17 orcs
  3 bats
  8 endoplasms
  2 giant cockroaches
  5 gnoll zombies (Ossuary)
  3 jackals (D:4)
  5 kobolds
  A quokka (D:5)
  2 ball pythons
  A frilled lizard (D:1)
  4 goblins
  A goblin zombie (Ossuary)
  A hobgoblin zombie (D:4)
  4 orc zombies
  A rat (D:1)
131 creatures vanquished.

Notes
Turn   | Place    | Note
-------+----------+-------------------------------------------
     0 | D:1      | spardeous the Felid Earth Elementalist began the quest for
                  | the Orb.
     0 | D:1      | Reached XP level 1. HP: 7/7 MP: 4/4
   253 | D:2      | Reached XP level 2. HP: 11/11 MP: 1/6
   504 | D:2      | Noticed Terence
   579 | D:2      | Killed Terence
   580 | D:2      | Reached XP level 3. HP: 14/14 MP: 1/7
   705 | D:3      | Learned a level 3 spell: Stone Arrow
   817 | D:3      | Noticed Grinder
   848 | D:4      | Reached skill level 3 in Dodging
   848 | D:4      | Reached XP level 4. HP: 11/18 MP: 4/8
   966 | D:4      | Reached skill level 4 in Dodging
   966 | D:4      | Reached XP level 5. HP: 7/21 MP: 0/9
  1148 | D:4      | Reached skill level 5 in Earth Magic
  1165 | D:4      | Found a sand-covered staircase.
  1203 | Ossuary  | Entered an ossuary
  1492 | Ossuary  | Reached skill level 5 in Dodging
  1618 | Ossuary  | Gained mutation: You are covered in thick fur. (AC +2)
                  | [Felid growth]
  1618 | Ossuary  | Reached XP level 6. HP: 24/24 MP: 5/10
  1669 | Ossuary  | Reached skill level 1 in Conjurations
  2020 | Ossuary  | Noticed a silent spectre
  2276 | D:4      | Reached XP level 7. HP: 25/27 MP: 5/11
  2586 | D:5      | Entered Level 5 of the Dungeon
  2637 | D:5      | Reached skill level 1 in Fighting
  3474 | D:5      | Identified the +1 pair of gloves "Ecunoch" {Will+++}
  3557 | D:5      | Reached XP level 8. HP: 31/34 MP: 11/14
  4576 | D:6      | Reached skill level 6 in Dodging
  4840 | D:6      | Reached skill level 7 in Dodging
  5700 | D:7      | Reached skill level 8 in Dodging
  6083 | D:7      | Reached skill level 9 in Dodging
  6363 | D:7      | Found a staircase to the Ecumenical Temple.
  6569 | Temple   | Entered the Ecumenical Temple
  6664 | D:8      | Reached skill level 10 in Dodging
  6664 | D:8      | Reached XP level 9. HP: 23/39 MP: 9/16
  7256 | D:8      | Noticed Joseph
  7258 | D:8      | Shot with a sling bullet by Joseph
  7259 | D:8      | Reached XP level 8. HP: -1/36 MP: 15/15
  7304 | D:8      | Shot with a sling bullet by Joseph
  7305 | D:8      | Reached XP level 7. HP: -2/31 MP: 7/14
  7319 | D:8      | Noticed a wyvern
  7323 | D:8      | Slain by Joseph

Illustrated notes

Levels and vault maps discovered:
D:1:      dpeg_arrival_shrine, layout_basic
D:2:      layout_basic, nicolae_ecumenical_oubliette, uniq_terence
D:3:      layout_loops_cross, uniq_grinder
D:4:      cheibrodos_barr_body, layout_rooms, nicolae_ossuary_entry_giza,
          grunt_ministairs_3
D:5:      layout_cave_pods, hellmonk_bongcloud_opening
D:6:      layout_layer_cave
D:7:      layout_basic, minmay_temple_entry_statues_fountains, roderic_lattice_a
D:8:      layout_basic, minitemple, uniq_joseph
Temple:   hellmonk_temple_of_storms

Skill      XL: |  1  2  3  4  5  6  7  8 |
---------------+-------------------------+-----
Earth Magic    | 3 4 5 |  5.5
Dodging        | 3 4 5 10 | 10.5
Conjurations   | 3 4 |  4.0
Fighting       | 3 |  3.9
Spellcasting   | 3 4 |  4.2
Stealth        | |  2.6
Transmutations | |  1.1

Action                     |  1- 3 |  4- 6 |  7- 9 || total
---------------------------+-------+-------+-------++-------
  Melee: Unarmed           |       |     7 |       ||     7
         Bite              |       |     3 |       ||     3
   Cast: Sandblast         |    43 |   107 |   175 ||   325
    Use: Scroll            |       |     4 |     1 ||     5
 Armour: Skin              |       |     1 |     7 ||     8
  Dodge: Dodged            |     5 |    69 |    62 ||   136
